General information
- name: blue13
- type: Custom game
- host: quin)sour_blue
- saver: quin)sour_blue
map: SecretValley
- players: 2
- length: 08:21
- speed: Fast
- version: 1.24 W3XP
- replay type: Public
» download(25 KB)
Players
team 1 (winner)
quin)sour_blue (
pink | 85 APM | 709 actions | 08:21)
4 Demon Hunter
2 Mana Burn
2 Evasion
» actions
| Assign group hotkey | 15 | |
| Basic commands | 23 | |
| Build / train | 28 | |
| Enter build submenu | 8 | |
| Enter hero's abilities submenu | 4 | |
| Right click | 333 | |
| Select / deselect | 116 | |
| Select group hotkey | 165 | |
| Use ability | 17 | |
709 total
» units
» buildings
| Altar of Elders | 1 | |
| Moon Well | 4 | |
| Hunter's Hall | 1 | |
| Ancient of War | 2 | |
| Tree of Ages | 1 | |
9 total
» build order
00:02 Altar of Elders
00:19 Moon Well
01:20 Hunter's Hall
01:43 Ancient of War
01:57 Moon Well
02:19 Ancient of War
02:39 Moon Well
04:34 Moon Well
06:50 Tree of Ages
team 2 (loser)

»
I_Backstab (
light-blue | 58 APM | 483 actions | 08:19)
1 Archmage
1 Summon Water Elemental
» actions
| Assign group hotkey | 16 | |
| Basic commands | 19 | |
| Build / train | 22 | |
| Enter build submenu | 10 | |
| Enter hero's abilities submenu | 1 | |
| Right click | 218 | |
| Select / deselect | 160 | |
| Select group hotkey | 18 | |
| Use ability | 19 | |
483 total
» units
| Peasant | 8 | |
| Footman | 3 | |
| Rifleman | 4 | |
15 total
» upgrades
» buildings
| Altar of Kings | 1 | |
| Farm | 4 | |
| Barracks | 1 | |
| Lumber Mill | 1 | |
| Scout Tower | 2 | |
| Blacksmith | 1 | |
| Arcane Tower | 1 | |
| Guard Tower | 1 | |
12 total
» build order
00:04 Altar of Kings
00:11 Farm
00:25 Barracks
01:18 Farm
01:23 Farm
01:54 Lumber Mill
02:13 Scout Tower
02:46 Blacksmith
03:00 Arcane Tower
04:21 Scout Tower
04:30 Farm
04:53 Guard Tower
Chat log
(00:16 / All) quin)sour_blue: lag okay?
(00:21 / All) I_Backstab: seems fine to me
(05:24 / All) I_Backstab: that sucks lol
(05:49 / All) I_Backstab: i just don't play enough solo lol
(08:08 / All) I_Backstab: yeah ok gg
(08:10 / All) quin)sour_blue: gg
(08:14 / All) quin)sour_blue: my first win
(08:15 / All) quin)sour_blue: ^^
(08:17 / All) I_Backstab: lol